 Dungeon Crawl Stone Soup version 0.15-a0-145-ge9bf03d (webtiles) character file.

2760 BluebellGnoll the Thaumaturge (level 9, 29/39 HPs)
             Began as a Spriggan Enchanter on Apr 12, 2014.
             Was a Believer of Dithmenos.
             Quit the game on Level 1 of the Lair of Beasts on Apr 14, 2014.
             The game lasted 01:10:05 (8749 turns).

BluebellGnoll the Thaumaturge (Spriggan Enchanter)  Turns: 8749, Time: 01:10:05

HP  29/39        AC  4     Str  4      XL: 9   Next: 33%
MP   1/29        EV 23     Int 19      God: Dithmenos [**....]
Gold 165         SH  0     Dex 17      Spells:  5 memorised, 10 levels left

rFire  + . .     SeeInvis +     d - +3,+4 short sword (speed)
rCold  + . .     Clarity  .     F - +2 robe {rN+}
rNeg   + . .     Conserve .     (shield restricted)
rPois  .         rCorr    +     (helmet restricted)
rElec  .         rRot     .     (no cloak)
SustAb . .       Spirit   .     (gloves unavailable)
rMut   .         Warding  .     (boots unavailable)
Saprov . . .     Stasis   .     B - amulet of resist corrosion
MR     +....                    e - ring of protection from cold
                                r - ring of protection from fire

@: very slightly contaminated, wreathed by umbra, drained, very quick, somewhat
resistant to hostile enchantments, extremely stealthy
A: unfitting armour, see invisible, herbivore 3, speed 3, slow metabolism 2
a: Shadow Step, Renounce Religion


You were on level 1 of the Lair of Beasts.
You worshipped Dithmenos.
Dithmenos was pleased with you.
You were full.

You visited 3 branches of the dungeon, and saw 10 of its levels.

You collected 237 gold pieces.
You spent 72 gold pieces at shops.

Inventory:

Hand weapons
 d - a +3,+4 short sword of speed (weapon)
 f - a +1,+1 dagger of speed
 J - a +0 blowgun
Missiles
 a - 38 poisoned needles
 m - 16 silver darts (quivered)
 n - 4 darts of frost
 G - a throwing net
 I - 13 poisoned bolts
Armour
 F - a +2 robe of positive energy (worn)
Magical devices
 c - a wand of fire (8) {unknown}
 t - a wand of slowing (9) {unknown}
 L - a wand of frost (1)
 M - a wand of cold (12) {unknown}
Comestibles
 g - a bread ration
 A - a banana
Scrolls
 h - 4 scrolls of identify
 i - 2 scrolls of fear
 j - 2 scrolls of enchant weapon I
 k - 2 scrolls of remove curse
 q - 4 scrolls of teleportation
 u - a scroll of blinking {unknown}
Jewellery
 e - a ring of protection from cold (right hand)
 p - an uncursed ring of regeneration
 r - a ring of protection from fire (left hand)
 w - the ring "Hihiesir" {+cTele rElec rPois Dex-2}
   (You found it on level 5 of the Dungeon)

   [ring of teleport control]

   It can be evoked for teleport control.
   It affects your dexterity (-2).
   It insulates you from electricity.
   It protects you from poison.
 B - an amulet of resist corrosion (around neck)
Potions
 b - a potion of poison {unknown}
 l - a potion of berserk rage {unknown}
 o - 5 potions of curing
 s - a potion of brilliance {unknown}
 v - a potion of invisibility {unknown}
 x - a potion of might {unknown}
 z - 2 potions of heal wounds
 C - a potion of degeneration {unknown}
 D - a potion of lignification {unknown}
 N - a potion of mutation {unknown}
Magical staves
 K - an uncursed staff of power


   Skills:
 - Level 3.5(2.8) Short Blades
 - Level 1.1(0.5) Throwing
 - Level 8.7(8.0) Dodging
 + Level 8.9(8.1) Stealth
 + Level 9.5(8.7) Spellcasting
 * Level 7.7(7.0) Hexes


You had 10 spell levels left.
You knew the following spells:

 Your Spells              Type           Power        Failure   Level  Hunger
b - Ensorcelled Hibernat  Hex/Ice        ###...       3%          2    None
c - Confuse               Hex            #####...     1%          3    None
d - Sure Blade            Hex/Chrm       ###.......   3%          2    None
e - Enslavement           Hex            #####...     6%          4    ###....
f - Invisibility          Hex            #####...     78%         6    ######.


Dungeon Overview and Level Annotations

Branches:
Dungeon (8/15)             Temple (1/1) D:5            Lair (1/8) D:8

Altars:
Ashenzari
Cheibriados
Dithmenos
Elyvilon
Fedhas
Kikubaaqudgha
Makhleb
Nemelex Xobeh
Sif Muna
Trog
Vehumet
Xom
Yredelemnul
Zin
The Shining One

Shops:
D:7 ?

Annotations:
Lair:1 Nergalle


Innate Abilities, Weirdness & Mutations

You are tiny and cannot use many weapons and most armour.
You have supernaturally acute eyesight.
You are a herbivore.
You cover ground extremely quickly.
You need consume almost no food.


Message History

Casting: Confuse
Confirm with . or Enter, or press ? or * to list all spells.
Aiming: Confuse
Press: ? - help, Shift-Dir - straight line, f/p - Nergalle
Aim: Nergalle, wielding a runed dagger, wearing a robe and carrying a wand of frost {zapped: 11} (moderately wounded, umbra) Nergalle resists with almost no effort.
The spectral orc warrior closely misses you.
Nergalle grimaces horribly.
Nergalle gestures at you while chanting.
Orcish apparitions take form around you.
The spectral orc warrior closely misses you.
Casting: Confuse
Confirm with . or Enter, or press ? or * to list all spells.
You don't have enough magic to cast that spell.
Throwing (i - inventory. (,) - cycle):
m - 16 silver darts (quivered)
Press: ? - help, Shift-Dir - straight line, f/p - Nergalle
Aim: Nergalle, wielding a runed dagger, wearing a robe and carrying a wand of frost {zapped: 11} (moderately wounded, umbra)
Okay, then.
Unknown command.
Are you sure you want to abandon this character and quit the game? (Confirm with "yes".)

#..........#
#.#.#......#
..........# .
+.#.P?.....# ...
#.P.f......#.P ....
+..........
.....#####+#.<.......(
.......W...............
.......o@W............
......WW..W...........
........####f........
......### ##.......
...... #...... .....
#..... ... #... ..


You could see Nergalle, a spectral orc and 4 spectral orc warriors.

Vanquished Creatures
  A hydra zombie (D:7)
  A hippogriff (D:7)
  3 orc warriors
  A phantom (D:5)
  A black bear (D:6)
  2 sky beasts
  An ogre (D:7)
  2 centaurs (D:7)
  2 giant frogs
  5 scorpions
  A crimson imp (D:8)
  A quasit (D:7)
  A giant frog zombie (D:5)
  An iguana (D:7)
  A jelly (D:8)
  2 hounds
  4 orc priests
  10 worker ants
  A hound zombie (D:5)
  3 gnolls (D:3)
  10 adders
  An inept feature mimic (D:6)
  3 shadow imps
  An inept item mimic (D:6)
  A worm (D:4)
  An orc zombie (D:8)
  A giant eyeball (D:6)
  6 giant geckos
  2 oozes
  14 orcs
  A ball python (D:3)
  19 hobgoblins
  A quokka (D:7)
  7 bats
  7 giant cockroaches
  4 giant newts
  8 goblins
  A hobgoblin skeleton (D:7)
  5 jackals
  A jackal skeleton (D:7)
  22 kobolds
  A kobold zombie (D:6)
  2 orc skeletons (D:4)
  8 rats
  A rat skeleton (D:5)
  A rat zombie (D:5)
173 creatures vanquished.

Vanquished Creatures (collateral kills)
  A big kobold (D:7)
  A kobold (D:7)
2 creatures vanquished.

Vanquished Creatures (others)
  A quokka (D:6)
  A giant spore (D:8)
2 creatures vanquished.

Grand Total: 177 creatures vanquished

Notes
Turn   | Place    | Note
--------------------------------------------------------------
     0 | D:1      | BluebellGnoll, the Spriggan Enchanter, began the quest for the Orb.
     0 | D:1      | Reached XP level 1. HP: 9/9 MP: 4/4
   104 | D:1      | Reached skill level 4 in Stealth
   191 | D:1      | Reached XP level 2. HP: 7/13 MP: 7/7
   196 | D:1      | Learned a level 2 spell: Ensorcelled Hibernation
  1057 | D:2      | Reached skill level 5 in Stealth
  1309 | D:2      | Reached XP level 3. HP: 16/16 MP: 2/10
  1314 | D:2      | Learned a level 3 spell: Confuse
  1512 | D:2      | Learned a level 2 spell: Sure Blade
  1806 | D:3      | Noticed a scorpion
  1813 | D:3      | Killed a scorpion
  1813 | D:3      | Reached skill level 6 in Stealth
  1813 | D:3      | Reached XP level 4. HP: 21/21 MP: 14/14
  2125 | D:3      | Reached skill level 7 in Stealth
  2264 | D:3      | Reached XP level 5. HP: 18/24 MP: 15/18
  2271 | D:3      | Learned a level 4 spell: Enslavement
  2586 | D:4      | Reached skill level 8 in Stealth
  2654 | D:4      | Reached XP level 6. HP: 28/28 MP: 12/20
  3173 | D:5      | Entered Level 5 of the Dungeon
  3238 | D:5      | Got a shimmering amber ring
  3382 | D:5      | Reached skill level 5 in Spellcasting
  3689 | D:5      | Reached XP level 7. HP: 28/32 MP: 23/23
  3761 | D:5      | Reached skill level 5 in Dodging
  3845 | D:5      | Found a glowing golden altar of the Shining One.
  3929 | D:5      | Found a staircase to the Ecumenical Temple.
  3949 | Temple   | Entered the Ecumenical Temple
  3957 | Temple   | Became a worshipper of Dithmenos the Shadowed
  4024 | Temple   | Learned a level 6 spell: Invisibility
  4422 | D:6      | Found a white marble altar of Elyvilon.
  4669 | D:6      | Reached skill level 5 in Hexes
  5200 | D:6      | Reached XP level 8. HP: 11/36 MP: 2/26
  6677 | D:7      | Found a radiant altar of Vehumet.
  6760 | D:7      | Reached skill level 9 in Spellcasting
  7225 | D:7      | Reached XP level 9. HP: 36/39 MP: 22/29
  7316 | D:7      | Found Koidemi's Magic Scroll Boutique.
  7329 | D:7      | Bought 2 scrolls of remove curse for 72 gold pieces
  7350 | D:7      | Found a blossoming altar of Fedhas.
  7431 | D:7      | Acquired Dithmenos' first power
  7674 | D:8      | Upgraded the game from 0.15-a0-134-gcf47855 to 0.15-a0-145-ge9bf03d
  8116 | D:8      | Found a shimmering altar of Xom.
  8116 | D:8      | Found a shimmering altar of Xom.
  8116 | D:8      | Found a shimmering altar of Xom.
  8506 | D:8      | Found a staircase to the Lair.
  8521 | Lair:1   | Entered Level 1 of the Lair of Beasts
  8521 | Lair:1   | Noticed Nergalle
  8749 | Lair:1   | Quit the game

Action                   |  1- 3 |  4- 6 |  7- 9 || total
-------------------------+-------+-------+-------++-------
Melee: Dagger            |   112 |   179 |    91 ||   382
       Short sword       |       |       |   217 ||   217
Throw: Dart              |    10 |     1 |       ||    11
 Cast: Ensorcelled Hiber |    10 |    15 |    74 ||    99
       Confuse           |       |    10 |    50 ||    60
       Sure Blade        |       |     2 |     4 ||     6
       Enslavement       |       |       |     3 ||     3
  Use: Scroll            |       |       |    14 ||    14
       Potion            |       |       |     2 ||     2
 Stab: Sleeping          |    15 |    27 |    52 ||    94
       Confused          |       |     4 |    17 ||    21
       Distracted        |       |     1 |       ||     1
